Unix NetHack Version 5.0.0-0 post-release - last build Jun 10 2026 00:39:30 (3ee93aec679c4c4259841fe613dc97188e26a321,branch:main).

Game began 2026-06-14 01:54:46, ended 2026-06-22 17:26:36.

BatBeefs, neutral female human Tourist

                                 HDAA@DAHHtBH
                                 @H         Hq
                                 HA OQHH@NY fH
                                 @h DH&wTHx @
         D   A                   AH ~A~@AtD fq                 @fANSDADO   @
    U         g                  A@ A~Wq&gD  @                 Az          D
   @   E  D           A A&  D    qg DXgqD D AQ    Y@@A~~O     U@A Q N@@Bq
   A@  g   A   @     q            g    A    E    HDNHHNw~J   @@ H  q@H AX
            J  QA   @AA     D     H@ BA t&fD &  tHDUS@@A@@q Dt H@A TT@T@@  A
   w  @@  @            A H@ &       mH A@  c     HgA@cwq@z    DH@ q@ HHDq OY
        @q                  T                     cAwz~~S     H A @tNSDxH
              B          A          @ AA@DU        --D--       Uq         @w
     T  @  @  Y         DB         N gHUwA~@ -------@qw--      @UDfHHAH@qHA
                         T   wOw   NzS@XO~DA@|qwTH%&wwNY@A@J
                              DD~  D J  SHDx -gTqDh@wHADTHDJ
                              H~~~  &Q BDtm -DD%Xw@BABWHqD@U
                                ~~     U   -T @zHQA@.DDDY@qT
                                  Hw~~~~w tDTU@QQDJYDq@JTDDz
                                             -------  ---
BatBeefs the Adventurer     St:18/99 Dx:21 Co:18 In:18 Wi:18 Ch:18  Neutral S:4381773
Astral Plane $:0 HP:225(628) Pw:48(280) AC:-28 Xp:30 Burdened Blind Stun T:81406

Latest messages:
 The red dragon knocks you back with a powerful strike!
 You bump into something.
 The red dragon hits again!
 The displacer beast moves the Elvenqueen out of its way!
 Janne the invisible Necromancer casts a spell!
 Monsters appear from nowhere!
 You hear an Angel of Offler reading a scroll of create monster.
 A hill giant suddenly appears!
 A hill giant suddenly appears!
 A hill giant suddenly appears!
 A hill giant suddenly appears!
 You hear a mumbled curse.
 Death moves the jabberwock out of the way!
 You hear a mumbled curse.
 You hear a chugging sound.
 You hear an umber hulk reading a scroll of teleportation.
 You hear a storm giant reading a scroll of teleportation.
 You hear a storm giant reading a scroll of create monster.
 You hear a fire giant reading a scroll of teleportation.
 The displacer beast moves the baluchitherium out of its way!
 You hear a chugging sound.
 The displacer beast moves the barbed devil out of its way!
 The leocrotta just misses!
 The leocrotta bites!
 The leocrotta hits!
 The displacer beast moves the elf-lord out of its way!
 You hear a distant zap.
 A hill giant suddenly appears!
 A hill giant suddenly appears!
 A hill giant suddenly appears!
 A hill giant suddenly appears!
 You hear a distant zap.
 A silver dragon suddenly appears!
 The red dragon bites!
 The red dragon misses!
 The red dragon hits!
 Famine reaches out, and your body shrivels.
 Famine touches you!
 You stagger...
 The displacer beast moves the leocrotta out of its way!
 #this is FUCKING POINTLESS.: unknown extended command.
 #whoever is responsible for this, you have DESTROYED THE GAME: unknown extended command.
 #i've played nethack, for over 30 years---and this is my LAST: unknown extended command.
 Really quit without saving? [yn] (n) y
 Do you want your possessions identified? [ynq] (y) y
 Do you want to see your attributes? [ynq] (y) y
 Do you want an account of creatures vanquished? [ynaq] (y) y
 Do you want a list of species genocided and extinct? [ynaq] (y) y
 Do you want to see your conduct and achievements? [ynq] (y) y
 Do you want to see the dungeon overview? [ynq] (y) n

Inventory:
 Amulets  ('"')
  O - the Amulet of Yendor named THE one. . . .
  w - the blessed Eye of the Aethiopica (being worn)
 Weapons  (')')
  P - a +2 dart named original (at the ready)
  a - the rustproof +7 Magicbane (wielded in left hand)
  m - a +7 silver saber named captain, Ludios (wielded in right hand)
 Armor    ('[')
  G - a blessed greased +4 elven leather helm (being worn)
  U - a blessed greased very burnt +3 pair of gauntlets of dexterity (being worn)
  E - a blessed fireproof +4 pair of speed boots (being worn)
  M - a blessed greased thoroughly burnt +4 robe named ghost town (being worn)
  j - a blessed +5 Hawaiian shirt with a water nymph motif named original (being worn)
  u - a blessed +4 silver dragon scale mail (being worn)
 Comestibles  ('%')
  d - 3 uncursed food rations
  L - an uncursed partly eaten food ration
  T - 2 uncursed greased tripe rations
  X - 2 uncursed tripe rations
  b - 4 uncursed greased lizard corpses
 Scrolls  ('?')
  A - 2 cursed scrolls of genocide
  D - a blessed scroll of taming
 Spellbooks  ('+')
  Z - the uncursed Book of the Dead
 Rings    ('=')
  i - an uncursed greased +4 ring of increase damage named not T.C.
  W - an uncursed greased +4 ring of increase damage (on right hand)
  B - an uncursed +6 ring of increase damage (on left hand)
  C - an uncursed greased ring of levitation
  f - an uncursed greased ring of regeneration
 Wands    ('/')
  J - a wand of cancellation named polypiling (Ludios) (1:1)
  F - a greased wand of cold (0:0)
  r - a wand of death (0:6)
  q - a wand of death named sanctuary (0:3)
  Q - a wand of death named orcus (1:0)
  S - a wand of fire (0:4)
  N - a wand of lightning (0:0)
  n - a greased wand of slow monster (0:2)
  t - a wand of striking (0:2)
  v - a wand of teleportation (0:0)
 Tools    ('(')
  h - a blessed bag of holding containing 87 items
  R - the Bell of Opening (0:2)
  Y - a greased can of grease (0:10)
  x - the uncursed greased Candelabrum of Invocation (7 of 7 candles attached)
  k - an expensive camera named original (0:41)
  y - an uncursed greased magic whistle
  K - an uncursed greased pair of lenses
  l - the blessed greased Platinum Yendorian Express Card
  c - an uncursed skeleton key
  z - an uncursed greased stethoscope named carnivorous ape, level 14
  I - an uncursed tin opener named Ludios!!
  o - an uncursed greased wet towel
  p - a +0 unicorn horn
 Gems/Stones  ('*')
  H - an uncursed greased luckstone

Contents of the bag of holding:
  7406 gold pieces
  an uncursed amulet of flying
  an uncursed amulet of guarding
  an uncursed amulet of life saving
  an uncursed amulet of life saving
  an uncursed amulet of life saving
  an uncursed amulet of life saving named vlad's
  an uncursed amulet of life saving
  an uncursed amulet of life saving
  an uncursed amulet of life saving
  an uncursed amulet of reflection named OLLLL' Trusty.
  an uncursed amulet of strangulation named decoy
  an uncursed amulet of unchanging
  the blessed +1 Sting
  the blessed +4 Demonbane
  the rustproof +0 Fire Brand
  the rustproof +2 Mjollnir
  the rustproof +2 Ogresmasher
  the +0 Orcrist
  a +0 silver saber named level _1_
  the rustproof +2 Trollsbane
  the rustproof +0 Vorpal Blade
  an uncursed +0 helm of opposite alignment
  an uncursed burnt +0 pair of water walking boots
  an uncursed burnt +0 cloak of magic resistance
  an uncursed +0 mummy wrapping
  an uncursed +0 oilskin cloak
  3 uncursed lembas wafers
  an uncursed homemade tin of Wizard of Yendor meat
  an uncursed tin of minotaur meat named first one :) :)
  4 uncursed eggs
  5 blessed scrolls of charging named xan, level 8
  2 uncursed scrolls of charging
  an uncursed scroll of earth
  an uncursed scroll of enchant armor
  2 blessed scrolls of fire
  an uncursed scroll of gold detection
  2 blessed scrolls of remove curse
  13 uncursed scrolls of remove curse
  5 uncursed scrolls of scare monster
  a blessed potion of restore ability
  4 potions of holy water
  2 potions of unholy water
  an uncursed +2 ring of adornment
  an uncursed +2 ring of adornment
  an uncursed +2 ring of adornment
  an uncursed +1 ring of adornment
  an uncursed +0 ring of adornment
  an uncursed +0 ring of adornment
  an uncursed +4 ring of increase accuracy named OLLLL' Trusty.
  an uncursed ring of levitation named a spare :)
  an uncursed ring of polymorph control named genetic engineer. . . .
  an uncursed +2 ring of protection
  an uncursed ring of protection from shape changers named not T.C.
  an uncursed ring of see invisible
  an uncursed ring of shock resistance
  an uncursed ring of slow digestion named sink
  an uncursed ring of slow digestion named tried
  an uncursed ring of stealth
  a wand of cold (0:7)
  a wand of create monster (0:15)
  a greased wand of digging (0:5)
  a wand of digging named a merry chase (0:6)
  a blessed wand of magic missile (0:0)
  a wand of polymorph (3:1)
  a cursed wand of polymorph (0:2)
  a greased wand of sleep named blue dragon (0:3)
  a wand of stasis named wtf (0:4)
  a wand of striking (0:0)
  a wand of undead turning (0:6)
  a wand of undead turning (0:4)
  a wand of undead turning named wtf (0:0)
  an uncursed sack named gems containing 22 items
  an uncursed figurine of a pit fiend
  an uncursed figurine of a vampire
  a magic marker named castle (1:7)
  a magic marker named Ludios!! (1:3)
  a +0 unicorn horn
  3 uncursed amber stones
  3 uncursed amethyst stones
  4 uncursed black opals
  4 uncursed chrysoberyl stones
  an uncursed emerald
  4 uncursed jacinth stones
  3 uncursed jet stones
  an uncursed opal
  2 uncursed rubies

Contents of the sack named gems:
  42 uncursed agate stones
  4 uncursed amber stones
  16 uncursed amethyst stones
  8 uncursed aquamarine stones
  23 uncursed black opals
  8 uncursed chrysoberyl stones
  3 uncursed citrine stones
  12 uncursed diamonds
  10 uncursed dilithium crystals
  10 uncursed emeralds
  2 uncursed fluorite stones
  13 uncursed garnet stones
  9 uncursed jacinth stones
  10 uncursed jade stones
  7 uncursed jasper stones
  13 uncursed jet stones
  15 uncursed obsidian stones
  an uncursed opal
  16 uncursed rubies
  51 uncursed sapphires
  8 uncursed topaz stones
  16 uncursed turquoise stones

BatBeefs the Tourist's attributes:

Background:
 You were an Adventurer, a level 30 female human Tourist.
 You were neutral, on a mission for The Lady
 who was opposed by Blind Io (lawful) and Offler (chaotic).
 You were left-handed.
 You were in the endgame, on the Astral Plane.
 You entered the dungeon 81406 turns ago.
 You had 100053327 experience points.
 Your score was 4381773 before end-of-game adjustments.

Basics:
 You had 225 out of 628 hit points.
 You had 48 out of 280 energy points (spell power).
 Your armor class was -28.
 Your wallet was empty, but
 you had 7406 zorkmids stashed away in your pack.
 Autopickup was off.

Final Characteristics:
 Your strength was 18/99 (peak:18/100, limit:18/100).
 Your dexterity was 21 (base:18, innate limit:18).
 Your constitution was 18 (limit:18).
 Your intelligence was 18 (limit:18).
 Your wisdom was 18 (limit:18).
 Your charisma was 18 (limit:18).

Final Status:
 You were stunned.
 You were temporarily blind.
 You weren't hungry.
 You were burdened; movement was slightly slowed.
 You were wielding two weapons at once.
 Your skill in dagger was limited by being skilled with two weapons.
 You were skilled in saber and two weapons.

Final Attributes:
 You were piously aligned.
 You were magic-protected.
 You were fire resistant.
 You were cold resistant.
 You were sleep resistant.
 You were disintegration resistant.
 You were shock resistant.
 You were poison resistant.
 You would have seen invisible when not blind.
 You were telepathic.
 You had automatic searching.
 You could teleport.
 You had teleport control.
 You had a large damage bonus (+10).
 You had a small defense bonus (+3).
 You were guarded.
 You took half spell damage.
 Your spell casting was enhanced by wearing a robe.
 You were very fast.
 You had reflection.
 You were extremely lucky.
 You had extra luck.
 Bad luck did not time out for you.
 Good luck did not time out for you.
 You survived.

Miscellaneous:
 You encountered 2 bones levels.
 Total elapsed playing time was 2 days, 2 hours, 30 minutes and 48 seconds.

Major events:
 Turn
    1: BatBeefs the neutral female human Tourist entered the dungeon
  545: attained the rank of Sightseer (level 3)
 1667: entered the Gnomish Mines
 3959: was bestowed with Trollsbane by The Lady
 4006: attained the rank of Excursionist (level 6)
 7323: reached Mine Town
 8407: was bestowed with Vorpal Blade by The Lady
12299: entered Sokoban
12750: completed 1st Sokoban level
13717: completed 2nd Sokoban level
14442: completed 3rd Sokoban level
15603: completed 4th Sokoban level
16078: acquired the Sokoban amulet of reflection
16168: attained the rank of Peregrinatrix (level 10)
26776: found Mjollnir on the floor
26782: found Fire Brand in a container
29892: was bestowed with Ogresmasher by The Lady
32532: found Magicbane on the floor
32967: entered Home 1, the Quest
36678: attained the rank of Traveler (level 14)
36705: performed her first genocide (master mind flayers)
37481: made her first wish - "blessed Eye of the Aethiopica", got "a perforated amulet named the Eye of the Aethiopica"
37942: Twoflower has granted access to proceed deeper into the quest
37946: entered Home 2, the Quest
38413: entered Home 3, the Quest
41543: entered Home 4, the Quest
41653: entered Home 5, the Quest
41782: killed the Master of Thieves
41782: found the Platinum Yendorian Express Card carried by a monster
41786: acquired the Bell of Opening
44517: killed Croesus
48521: entered Gehennom
49975: attained the rank of Journeyer (level 18)
53548: killed Juiblex
60717: genocided disenchanters
60719: genocided class L
62438: killed Orcus
62458: killed Baalzebub
62541: killed Asmodeus
64204: destroyed Vlad the Impaler
64215: acquired the Candelabrum of Invocation
65123: attained the rank of Voyager (level 22)
66864: found Demonbane carried by a monster
67182: attained the rank of Explorer (level 26)
69268: found Sunsword carried by a monster
70038: attained the rank of Adventurer (level 30)
75960: killed Asmodeus (2nd time)
75962: killed Asmodeus (3rd time)
75964: killed Asmodeus (5th time)
75971: killed Asmodeus (10th time)
76053: killed Asmodeus (25th time)
76295: killed Asmodeus (50th time)
76758: killed Asmodeus (100th time)
77718: killed the Wizard of Yendor
77720: acquired the Book of the Dead
77773: performed the invocation
78056: killed the high priest of Moloch
78094: acquired The Amulet of Yendor
78228: killed the Wizard of Yendor (2nd time)
78308: killed the Wizard of Yendor (3rd time)
79329: killed Medusa
79472: genocided electric eels
79747: killed the Wizard of Yendor (5th time)
80336: chose an elven dagger to be named "Sting"
80342: chose an elven broadsword to be named "Orcrist"
80843: entered the Elemental Planes
80843: entered Plane of Earth
80915: entered Plane of Air
81035: entered Plane of Fire
81098: entered Plane of Water
81242: entered the Astral Plane
81256: killed Famine
81275: killed Famine (2nd time)
81289: killed Famine (3rd time)
81325: killed Famine (5th time)
81406: quit

Spells:
 Name                 Level Category     Fail Retention
 magic missile          2   attack         0%  76%-100%
 light                  1   divination     0%   51%-60%
 create monster         2   clerical       0%    1%-25%
 remove curse           3   clerical       0%  76%-100%
 identify               3   divination     0%   61%-70%
 magic mapping          5   divination     0%    1%-10%
 confuse monster        1   enchantment    0%    (gone)
 cure sickness          3   healing        0%    (gone)
 drain life             2   attack         0%   51%-75%
 fireball               4   attack        19%    (gone)
 force bolt             1   attack         0%    (gone)
 healing                1   healing        0%    (gone)
 charm monster          5   enchantment   55%  76%-100%
 detect unseen          3   divination     0%    (gone)
 stone to flesh         3   healing        0%    1%-25%
 cancellation           7   matter        95%    (gone)
 invisibility           4   escape        19%    (gone)
 knock                  1   matter         0%    (gone)
 haste self             3   escape         0%    (gone)
 clairvoyance           3   divination     0%    (gone)
 polymorph              6   matter        95%   51%-75%
 dig                    5   matter        64%  76%-100%
 cure blindness         2   healing        0%    (gone)
 slow monster           2   enchantment    0%    (gone)
 cause fear             3   enchantment    0%    (gone)
 cone of cold           4   attack        19%    (gone)
 create familiar        6   clerical      95%    (gone)
 chain lightning        2   attack         0%    (gone)
 turn undead            6   clerical      95%  76%-100%
 sleep                  3   enchantment    0%  76%-100%

Skills:
 Fighting Skills
   bare handed combat [Unskilled]
   two weapon combat  [Skilled]
   riding             [Unskilled]
 Weapon Skills
   dagger             [Expert]
   knife              [Unskilled]
   axe                [Unskilled]
   pick-axe           [Unskilled]
   short sword        [Unskilled]
   broadsword         [Unskilled]
   long sword         [Unskilled]
   two-handed sword   [Unskilled]
   saber              [Skilled]
   mace               [Unskilled]
   morning star       [Unskilled]
   flail              [Unskilled]
   hammer             [Basic]
   quarterstaff       [Unskilled]
   polearms           [Unskilled]
   spear              [Unskilled]
   trident            [Unskilled]
   lance              [Unskilled]
   bow                [Unskilled]
   sling              [Unskilled]
   crossbow           [Unskilled]
   dart               [Basic]
   shuriken           [Unskilled]
   boomerang          [Unskilled]
   whip               [Unskilled]
   unicorn horn       [Unskilled]
 Spellcasting Skills
   divination spells  [Basic]
   enchantment spells [Unskilled]
   escape spells      [Unskilled]

Voluntary challenges:
 Character rerolling was not enabled.
 You genocided 7 types of monsters.
 You used 1 wish (9 for artifacts).
 You did not violate any of the special Sokoban rules.
Achievements:
 You attained the rank of Sightseer.
 You entered the Gnomish Mines.
 You attained the rank of Excursionist.
 You entered Minetown.
 You entered a shop.
 You entered a temple.
 You entered Sokoban.
 You completed Sokoban.
 You attained the rank of Peregrinatrix.
 You attained the rank of Traveler.
 You had the Bell of Opening.
 You entered Gehennom.
 You attained the rank of Journeyer.
 You had the Candelabrum of Invocation.
 You attained the rank of Voyager.
 You attained the rank of Explorer.
 You attained the rank of Adventurer.
 You had the Book of the Dead.
 You gained access to Moloch's Sanctum.
 You had the Amulet of Yendor.
 You defeated Medusa.
 You reached the Elemental Planes.
 You reached the Astral Plane.

 The Elemental Planes:
    Astral Plane: <- You were here.
    Plane of Water:
    Plane of Fire:
    Plane of Air:
    Plane of Earth:
 The Dungeons of Doom: levels 1 to 29
    Level 1:
       A grave, many trees.
       One way stairs up to The Elemental Planes.
    Level 2:
       An altar to The Lady.
       Stairs down to The Gnomish Mines.
    Level 3:
       A grave.
    Level 4:
    Level 5:
       Oracle of Delphi.
    Level 6:
       Stairs up to Sokoban, level 5.
    Level 7: "vault"
    Level 8:
       A sink, some graves.
    Level 9:
    Level 10:
       Final resting place for
          sebamed-Val-Hum-Mal-Neu, killed by a rope golem.
    Level 11:
       A grave.
       Final resting place for
          Souljazz-Wiz-Elf-Mal-Cha, killed by a leocrotta.
    Level 12:
       Portal to The Quest.
    Level 13:
    Level 14:
    Level 15:
       A primitive area.
    Level 16:
       A general store, some fountains.
    Level 17:
    Level 18:
       A sink.
    Level 19:
       A grave.
    Level 20:
    Level 21:
       A throne, a fountain.
    Level 22:
    Level 23:
       Some fountains.
    Level 24: "something up with this level"
       A fountain.
    Level 25: "Ludios!!"
       An altar, a sink.
       Portal to Fort Ludios.
    Level 26: "leppy - Dudes :) :)"
       A grave.
    Level 27:
    Level 28:
    Level 29:
       Connection to Gehennom.
 Gehennom: levels 30 to 49
    Level 30:
       A temple and an altar, many graves.
       Valley of the Dead.
    Level 31:
    Level 32:
    Level 33:
    Level 34:
    Level 35:
    Level 36:
       A fountain.
    Level 37:
    Level 38:
    Level 39:
       Some shops, an altar.
       Stairs up to Vlad's Tower, level 38.
    Level 40:
    Level 41:
    Level 42:
    Level 43:
    Level 44:
    Level 45:
    Level 46:
    Level 47:
    Level 48:
    Level 49:
       A temple and an altar, many graves.
       Moloch's Sanctum.
 The Gnomish Mines: levels 3 to 5
    Level 3:
    Level 4:
    Level 5:
       Many shops, a temple and an altar, some fountains, some trees.
 The Quest: levels 1 to 5
    Level 1:
       Many graves.
       Completed quest for Twoflower.
    Level 2:
    Level 3:
       Some shops, a temple, many graves.
    Level 4:
    Level 5:
       Some shops.
 Sokoban: levels 5 up to 2
    Level 2:
       Solved.
    Level 3:
       Solved.
    Level 4:
       Solved.
    Level 5:
       Solved.
 Fort Ludios:
    Level 1:
 Vlad's Tower: levels 38 up to 36
    Level 36:
    Level 37:
    Level 38:


Vanquished creatures:
    Asmodeus (115 times)
    Baalzebub
    Orcus
  2 erinyes
    Juiblex
the Wizard of Yendor (8 times)
    Famine (6 times)
    Vlad the Impaler
  4 arch-liches
  a high cleric
  4 mastodons
    Medusa
    Croesus
  9 krakens
the Master of Thieves
  9 Archons
 16 iron golems
  8 master liches
 11 ki-rin
 28 storm giants
 11 titans
 15 glass golems
  4 balrogs
 28 purple worms
  8 gray dragons
  8 gold dragons
 14 silver dragons
 19 red dragons
  8 white dragons
 12 orange dragons
 19 black dragons
  8 blue dragons
 12 green dragons
 11 yellow dragons
 27 minotaurs
 15 jabberwocks
 30 baluchitheria
 11 Angels
  6 demiliches
 17 stone golems
 28 Olog-hai
  3 Nazgul
 10 pit fiends
  3 sandestins
  8 hell hounds
 17 displacer beasts
 18 titanotheres
 22 trappers
  4 baby red dragons
  a baby yellow dragon
 14 guardian nagas
 15 genetic engineers
  6 disenchanters
 44 vampire leaders
  7 skeletons
  8 aligned clerics
 27 captains
  5 shades
  6 liches
 10 clay golems
 21 nurses
 10 ice devils
 10 nalfeshnees
 23 lurkers above
 18 Aleaxes
 23 frost giants
 19 ettins
  9 golden nagas
 21 black puddings
 35 vampires
 20 lieutenants
 55 ghosts
  2 archeologists
  2 queen bees
 15 winged gargoyles
 17 mind flayers
 15 giant mimics
 18 long worms
 24 zruties
 13 fire giants
 42 ogre tyrants
 14 ice trolls
 24 rock trolls
 15 umber hulks
 18 flesh golems
 20 elven monarchs
 14 doppelgangers
 24 hezrous
  8 bone devils
 11 large mimics
  8 wumpuses
 16 fire vortices
 21 couatls
 35 stalkers
 16 air elementals
 29 fire elementals
 22 earth elementals
 16 water elementals
 19 hill giants
 12 giant mummies
  7 black nagas
 16 xorns
 20 giant zombies
 41 elf-nobles
 51 sergeants
  a water demon
 16 barbed devils
  8 vrocks
  6 salamanders
 39 wargs
 11 winter wolves
  9 hell hound pups
 28 small mimics
  8 glass piercers
 24 warhorses
 12 steam vortices
 45 xans
 12 ettin mummies
 16 ogre leaders
 31 quantum mechanics
 39 trolls
  4 sasquatches
  3 wood golems
  9 mariliths
  3 djinn
  3 sharks
  6 electric eels
 32 gelatinous cubes
  9 pyrolisks
  7 large dogs
 10 freezing spheres
 19 flaming spheres
 21 shocking spheres
 11 large cats
 22 tigers
 39 gargoyles
 15 dwarf rulers
 39 tengu
 24 ochre jellies
 33 leocrottas
 11 energy vortices
 10 mountain centaurs
 17 stone giants
 16 elf mummies
  7 human mummies
 15 red nagas
 24 green slimes
 11 pythons
 13 pit vipers
 12 cobras
 71 wraiths
 15 carnivorous apes
 25 ettin zombies
 16 leather golems
 57 Grey-elves
 96 soldiers
 20 amorous demons
 12 horned devils
 22 chameleons
  3 crocodiles
 14 giant beetles
  7 quivering blobs
 68 cockatrices
 16 wolves
 42 winter wolf cubs
  8 lynxes
 13 panthers
 24 gremlins
  a spotted jelly
 37 leprechauns
 12 orc-captains
  9 iron piercers
  8 mumakil
106 giant spiders
 22 scorpions
 13 horses
  9 ice vortices
 24 black lights
 23 vampire bats
 34 forest centaurs
  9 gnome rulers
 11 orc mummies
  2 dwarf mummies
 27 ogres
  3 brown puddings
 26 rust monsters
 33 owlbears
 19 yetis
  3 gold golems
  7 werewolves
 44 Green-elves
  4 piranha
 12 giant eels
 14 lizards
 16 chickatrices
  4 dingoes
  2 dogs
  2 housecats
  9 jaguars
  7 dwarf leaders
  8 blue jellies
  5 white unicorns
  a black unicorn
  5 dust vortices
 13 ravens
  6 plains centaurs
  2 gnome mummies
  5 snakes
 11 water moccasins
  8 apes
 24 human zombies
  3 rope golems
  8 Woodland-elves
 24 soldier ants
 12 fire ants
 25 bugbears
  6 imps
  2 lemures
 21 quasits
 13 wood nymphs
 15 water nymphs
  8 mountain nymphs
  2 Mordor orcs
 25 Uruk-hai
  4 orc shamans
 10 rock piercers
  2 rock moles
  a woodchuck
  4 ponies
 10 fog clouds
 23 yellow lights
  3 shriekers
 11 violet fungi
 14 gnome leaders
  7 gnomish wizards
  4 kobold mummies
  3 gray oozes
  8 barrow wights
 20 elf zombies
 20 ghouls
  5 straw golems
  4 paper golems
  2 jellyfish
 38 giant ants
  5 little dogs
 17 floating eyes
  3 kittens
 17 dwarves
  8 homunculi
  5 kobold leaders
  6 kobold shamans
 21 hill orcs
 31 rothes
  2 rabid rats
 13 centipedes
 10 giant bats
  6 monkeys
 23 orc zombies
 20 dwarf zombies
 10 wererats
  3 werejackals
 17 iguanas
 36 killer bees
 an acid blob
  a coyote
  6 gas spores
 12 hobbits
 33 manes
  7 large kobolds
 18 hobgoblins
 16 giant rats
 26 cave spiders
  7 yellow molds
  2 green molds
  2 red molds
 41 gnomes
  7 garter snakes
 13 gnome zombies
 15 geckos
 25 jackals
  5 foxes
  6 kobolds
 12 goblins
  6 sewer rats
 18 grid bugs
  2 bats
 15 lichens
 18 kobold zombies
 28 newts
4527 creatures vanquished.

Genocided or extinct species:
 erinyes (extinct)
 arch-liches
 master liches
 demiliches
 master mind flayers
 disenchanters
 liches
 electric eels
 soldiers (extinct)
 giant spiders (extinct)
7 species genocided.
3 species extinct.

Aloha BatBeefs the Tourist...

You quit in The Astral Plane with 4381773 points,
and 7406 pieces of gold, after 81406 moves.
You were level 30 with a maximum of 628 hit points when you quit.

